AoeStats
← ztrox.

Arena

504364247Analyzed
4v4 RM · 27d ago on Sep 5, 2026· 39m 4s· 8 players
Game mode
Random Map
Map size
Large (8 player)
Population
200
Speed
Normal
Resources
Standard
Victory
Conquest
Starting age
Dark Age
Ending age
Imperial Age
RankedLock teamsTeams togetherTeam positionsShared explorationLock speedFull tech treeHidden civsTurbo modeCheats
Victory
Defeat
🇨🇳 Romans · China
1146
+15
🇬🇧 Goths · United Kingdom
1080
+17
🇺🇸 Lithuanians · United States
1069
+18
🇧🇴 Spanish · Bolivia
1068
+18
🇨🇴 Malay · Colombia
1149
-19
🇲🇽 Spanish · Mexico
1143
-18
🇳🇴 Malians · Norway
1101
-17
🇩🇴 Bohemians · Dominican Republic
1051
-14
VL Neyten
7:15 Loom
11:13 Feudal Age
15:23 Castle Age
13:45 Stone Mining
16:36 Padded Archer Armor
16:37 Town Watch
18:15 Double-Bit Axe
25:02 Leather Archer Armor
25:52 Fletching
28:41 Bodkin Arrow
29:51 Stone Shaft Mining
30:22 Gold Mining
34:52 Bloodlines
Diego :)
mikele
11:09 Feudal Age
16:17 Castle Age
14:28 Double-Bit Axe
14:34 Horse Collar
23:36 Imperial Age
22:00 Bow Saw
21:46 Gold Mining
23:14 Fletching
23:17 Crossbowman
25:50 Chemistry
25:19 Bodkin Arrow
26:53 Ballistics
27:17 Thumb Ring
28:31 Bracer
29:45 Padded Archer Armor
29:37 Pikeman
33:34 Scale Barding Armor
33:45 Leather Archer Armor
33:47 Forging
33:40 Heavy Plow
Arietediron
8:37 Loom
9:18 Loom
11:33 Feudal Age
12:50 Wheelbarrow
12:02 Double-Bit Axe
12:34 Horse Collar
16:49 Castle Age
17:41 Bow Saw
22:57 Chemistry
26:42 Ballistics
26:17 Fletching
26:27 Padded Archer Armor
26:28 Scale Mail Armor
29:13 Bodkin Arrow
30:07 Forging
30:40 Pikeman
31:20 Squires
31:38 Leather Archer Armor
33:50 Iron Casting
33:31 Chain Mail Armor
37:09 Imperial Age
34:49 Scale Barding Armor
35:42 Elite Skirmisher
Average Joe
10:42 Feudal Age
15:01 Castle Age
13:19 Double-Bit Axe
16:47 Horse Collar
20:50 Wheelbarrow
20:04 Loom
23:49 Gold Mining
23:50 Stone Mining
24:35 Heavy Plow
26:26 Scale Barding Armor
26:31 Forging
26:44 Bloodlines
26:36 Husbandry
26:34 Town Watch
29:46 Imperial Age
28:18 Chain Barding Armor
30:35 Iron Casting
29:58 Cavalier
31:34 Treadmill Crane
32:56 Chemistry
32:32 Plate Barding Armor
31:20 Paladin
35:55 Crop Rotation
37:41 Elite Leitis
Cook
7:02 Loom
9:37 Feudal Age
10:05 Double-Bit Axe
10:03 Horse Collar
16:05 Castle Age
15:15 Stone Mining
17:14 Bow Saw
18:45 Fletching
22:48 Elite Skirmisher
26:08 Ballistics
30:40 Padded Archer Armor
31:12 Bodkin Arrow
31:42 Heavy Plow
34:03 Forging
35:40 Masonry
38:14 Imperial Age
36:02 Scale Mail Armor
36:06 Squires
37:44 Chain Mail Armor
38:07 Iron Casting
38:48 Wheelbarrow
38:49 Anarchy
39:34 Conscription
39:49 Crop Rotation
40:21 Two-Man Saw
39:43 Chain Mail Armor
MyGO.Soyo
11:20 Feudal Age
13:49 Wheelbarrow
12:59 Loom
15:58 Castle Age
14:09 Double-Bit Axe
14:24 Horse Collar
15:49 Scale Mail Armor
17:11 Heavy Plow
17:25 Bow Saw
17:17 Loom
22:49 Forging
22:44 Pikeman
26:26 Gold Mining
29:41 Ballistas
29:54 Hand Cart
30:49 Ballistics
31:08 Gold Shaft Mining
34:41 Imperial Age
34:17 Chain Mail Armor
34:38 Iron Casting
35:03 Squires
34:45 Capped Ram
35:24 Heavy Scorpion
36:27 Halberdier
39:05 Blast Furnace
37:45 Man-at-Arms
38:58 Conscription
39:16 Comitatenses
40:32 Chemistry
ztrox.
10:40 Feudal Age
12:53 Loom
15:30 Castle Age
13:34 Double-Bit Axe
14:18 Horse Collar
16:24 Bow Saw
17:13 Heavy Plow
21:27 Gold Mining
22:51 Wheelbarrow
27:37 Imperial Age
25:39 Hand Cart
25:47 Hand Cart
25:20 Town Watch
26:09 Stone Mining
26:34 Forging
26:29 Scale Barding Armor
27:56 Iron Casting
27:54 Bloodlines
27:45 Husbandry
28:34 Iron Casting
27:40 Cavalier
28:05 Pikeman
28:10 Cavalier
29:32 Chain Barding Armor
31:33 Blast Furnace
31:14 Paladin
32:31 Plate Barding Armor
32:56 Blast Furnace
35:31 Fletching
35:42 Padded Archer Armor
36:17 Conscription
37:35 Bodkin Arrow
39:32 Chemistry
38:53 Ballistics
39:12 Bracer
Connection lost

Rejoining the realm…

Still unreachable

The connection could not be restored.

Session expired

The server has moved on; the page needs a fresh start.